[Event "Titled Tuesday Blitz February 07 Late 2023"]
[White "Mindhunter247"]
[Black "Cuenca Jimenez, Jose Fernando"]
[BlackFideId "2255570"]
[WhiteElo "2378"]
[BlackElo "2535"]
[Result "0-1"]
[Round "01"]
[TimeControl "180+2"]
[Date "2023.02.07"]
[WhiteClock "0:00:07"]
[BlackClock "0:00:15"]

1. e4 c5 2. Nf3 Nc6 3. c3 Nf6 4. e5 Nd5 5. d4 cxd4 6. cxd4 d6 7. Bc4 dxe5 8. Nxe5 e6 9. O-O Be7 10. Qg4 Bf6 11. Re1 O-O 12. Nc3 Nce7 13. Ne4 Bxe5 14. dxe5 Ng6 15. Ng3 Qh4 16. Qxh4 Nxh4 17. Bd2 Bd7 18. Rac1 Bc6 19. f3 Ng6 20. b4 a6 21. Bb3 Rac8 22. Kf2 Ndf4 23. Rc3 Rfd8 24. Bxf4 Nxf4 25. Rd1 Rxd1 26. Bxd1 Bd7 27. Rxc8+ Bxc8 28. Bc2 Nd5 29. a3 h6 30. Be4 Nc3 31. Ke3 Kf8 32. Ne2 Nb5 33. a4 Nc7 34. Kd4 b6 35. a5 bxa5 36. bxa5 f5 37. exf6 gxf6 38. Kc5 Ke7 39. Kb6 Kd6 40. Bd3 Nd5+ 41. Ka7 Nb4 42. Bc4 Kc5 43. Bb3 Nc6+ 44. Ka8 Nxa5 45. Ba2 Kb6 46. Nd4 e5 47. Kb8 exd4 48. Kxc8 d3 49. Bb1 d2 50. Bc2 Nc4 51. Bd1 Ne3 0-1


[Site "https://www.chess.com"]

[Event "Titled Tuesday Blitz February 07 Late 2023"]
[White "Gutenev, Alexander"]
[Black "Nilsen, Tobias Lang"]
[WhiteFideId "4195540"]
[BlackFideId "1521624"]
[WhiteElo "2455"]
[BlackElo "2247"]
[Result "0-1"]
[Round "01"]
[TimeControl "180+2"]
[Date "2023.02.07"]
[WhiteClock "0:00:24"]
[BlackClock "0:01:34"]

1. e4 e6 2. d4 d5 3. Nc3 Bb4 4. e5 Ne7 5. a3 Bxc3+ 6. bxc3 c5 7. Qg4 cxd4 8. cxd4 Qc7 9. Bd2 Qxc2 10. Rc1 Qg6 11. Qf3 Nbc6 12. Bd3 Nxd4 13. Qe3 Qxg2 14. Qxd4 Qxh1 15. Ke2 Nc6 16. Qf4 Qg2 17. Nf3 Qh3 18. Rg1 Bd7 19. Rxg7 O-O-O 20. Rxf7 Be8 21. Rf6 Bh5 22. Bc3 Bxf3+ 23. Qxf3 Qxf3+ 24. Kxf3 Rhf8 25. Bxh7 d4 26. Be1 Nxe5+ 27. Ke4 Rxf6 28. Kxe5 Rh6 29. Bd3 Rd5+ 30. Ke4 Rh4+ 31. f4 Rxh2 32. Bc4 Rh1 33. Bb4 Rd8 34. Bxe6+ Kc7 35. f5 d3 36. Bd2 Rh2 37. Bf4+ Kc6 38. Bxh2 d2 39. Bb3 d1=Q 40. Bxd1 Rxd1 41. f6 Rf1 42. Bf4 Kd7 43. Be5 Ke6 44. Bd4 Rh1 45. a4 a6 46. a5 Rh2 47. Kd3 Ra2 48. Bc3 Ra4 49. Kc2 Rf4 50. Kb3 Kd5 51. Bb2 Rf3+ 52. Bc3 Kc5 53. Kb2 Kc4 54. Be5 Rf2+ 55. Kc1 Kd3 56. Kb1 Kc4 57. Kc1 Kb4 58. Bg3 Rxf6 59. Be1+ Ka4 60. Kc2 Rf5 61. Kd3 Rxa5 62. Kc4 Rb5 63. Bc3 Rb3 64. Be5 b5+ 65. Kc5 Rh3 66. Bd4 Rh5+ 67. Kb6 b4 68. Kxa6 b3 69. Kb6 Rd5 70. Bg7 Rd2 71. Kc5 b2 72. Bxb2 Rxb2 73. Kc4 Rb8 74. Kc3 Kb5 75. Kd4 Kb4 76. Kd5 Rc8 77. Kd6 Kc4 78. Kd7 Rc5 79. Kd6 Kd4 80. Ke6 Rd5 81. Ke7 Ke4 82. Ke6 Rd4 83. Ke7 Ke5 84. Kf7 Kf5 85. Ke7 Rd5 86. Kf7 Rd7+ 87. Kf8 Ke6 88. Kg8 Kf6 89. Kh8 Kg6 90. Kg8 Rd8# 0-1


[Site "https://www.chess.com"]

[Event "Titled Tuesday Blitz February 07 Late 2023"]
[White "Prieto Aranguren, Alain"]
[Black "Javakhadze, Zurab"]
[WhiteFideId "2268906"]
[BlackFideId "13603647"]
[WhiteElo "2258"]
[BlackElo "2459"]
[Result "0-1"]
[Round "01"]
[TimeControl "180+2"]
[Date "2023.02.07"]
[WhiteClock "0:00:04"]
[BlackClock "0:00:58"]

1. d4 Nf6 2. c4 e6 3. Nc3 d5 4. cxd5 exd5 5. Bg5 c6 6. e3 Be7 7. Bd3 Nbd7 8. Nf3 Nf8 9. Qc2 Ne6 10. Bh4 g6 11. O-O Ng7 12. Rab1 a5 13. a3 O-O 14. b4 Bf5 15. b5 Bxa3 16. bxc6 bxc6 17. Ne5 Rc8 18. Bxf5 Nxf5 19. Bxf6 Qxf6 20. Nd7 Qg5 21. Nxf8 Nh4 22. f4 Qd8 23. Nxh7 Kxh7 24. Qf2 Bb4 25. Na2 Bd6 26. Rb7 Kg8 27. Nc3 Nf5 28. Na4 Qe8 29. Re1 Bb4 30. Re2 Qe4 31. g3 Re8 32. Nc5 Bxc5 33. dxc5 a4 34. Qg2 Qd3 35. Rbb2 Nxe3 36. Qf2 d4 37. h4 a3 38. Rbd2 Qb1+ 39. Re1 Qb4 40. Rde2 Qxc5 41. Qf3 Ra8 42. Kh2 a2 43. Ra1 Qc4 44. Raxa2 Rxa2 45. Rxa2 Qxa2+ 46. Kh3 Qe6+ 47. g4 d3 48. f5 gxf5 49. g5 f4+ 50. Kh2 d2 51. h5 d1=Q 52. g6 Qxf3 53. gxf7+ Kf8 54. h6 Qeh3+ 55. Kg1 Qfg2# 0-1


[Site "https://www.chess.com"]

[Event "Titled Tuesday Blitz February 07 Late 2023"]
[White "Preotu, Razvan"]
[Black "Battlecruiser_Operational"]
[WhiteFideId "2613280"]
[WhiteElo "2475"]
[BlackElo "2371"]
[Result "0-1"]
[Round "01"]
[TimeControl "180+2"]
[Date "2023.02.07"]
[WhiteClock "0:00:02"]
[BlackClock "0:00:15"]

1. e4 c6 2. Nc3 d5 3. Nf3 Qa5 4. exd5 cxd5 5. d4 Nf6 6. Bd3 Nc6 7. O-O Bg4 8. Be3 e6 9. h3 Bh5 10. g4 Bg6 11. Ne2 Bd6 12. Nf4 Qc7 13. Nxg6 hxg6 14. Kg2 a6 15. c3 O-O 16. Ng5 e5 17. dxe5 Nxe5 18. Bd4 Rfe8 19. Be2 Re7 20. Nf3 Nc4 21. b3 Na3 22. Qd3 Ne4 23. c4 dxc4 24. bxc4 Nc5 25. Qd1 Rae8 26. Re1 Qc6 27. Kg1 Ne4 28. Rc1 Bb4 29. Rf1 b6 30. Ne5 Rxe5 31. Bxe5 Rxe5 32. Bf3 Qe8 33. Bxe4 Rxe4 34. Qb3 Bc5 35. Rcd1 a5 36. Rd5 Nxc4 37. Qd3 Kh7 38. Rd8 Qe6 39. Ra8 b5 40. Qd8 g5 0-1


[Site "https://www.chess.com"]

[Event "Titled Tuesday Blitz February 07 Late 2023"]
[White "Sarkar, Justin"]
[Black "Jaracz, Pawel"]
[WhiteFideId "2010011"]
[BlackFideId "1102222"]
[WhiteElo "2309"]
[BlackElo "2467"]
[Result "1-0"]
[Round "01"]
[TimeControl "180+2"]
[Date "2023.02.07"]
[WhiteClock "0:00:14"]
[BlackClock "0:01:00"]

1. d4 d5 2. c4 c6 3. Nf3 Nf6 4. Nc3 dxc4 5. a4 Bf5 6. Ne5 Na6 7. e3 Nb4 8. Bxc4 e6 9. O-O Bg6 10. Qe2 a6 11. e4 c5 12. d5 Qc7 13. Bf4 Bd6 14. Nxg6 hxg6 15. e5 Nh5 16. exd6 Nxf4 17. dxc7 Nxe2+ 18. Bxe2 exd5 19. Bf3 Rc8 20. Nxd5 Nc2 21. Rac1 Nd4 22. Rfe1+ Kf8 23. Rxc5 Nxf3+ 24. gxf3 Rh4 25. Nb6 Rh5 26. Rxh5 1-0


[Site "https://www.chess.com"]

[Event "Titled Tuesday Blitz February 07 Late 2023"]
[White "Koziorowicz, Michal"]
[Black "Fernandez Siles, Luis"]
[WhiteFideId "21809194"]
[BlackFideId "2209420"]
[WhiteElo "2307"]
[BlackElo "2218"]
[Result "1-0"]
[Round "01"]
[TimeControl "180+2"]
[Date "2023.02.07"]
[WhiteClock "0:02:04"]
[BlackClock "0:00:40"]

1. e4 c5 2. Nf3 Nc6 3. Bb5 g6 4. O-O Bg7 5. Bxc6 dxc6 6. Re1 Nf6 7. e5 Nd5 8. d4 cxd4 9. Qxd4 O-O 10. c4 Nc7 11. Qh4 Ne6 12. Nc3 Qc7 13. Bh6 b6 14. Ne4 f6 15. Rad1 g5 16. Nexg5 fxg5 17. Nxg5 Bxh6 18. Qxh6 Nxg5 19. Qxg5+ Kh8 20. e6 Qf4 21. Qxf4 Rxf4 22. Rd8+ Kg7 23. Re3 Rf6 24. Re8 Rg6 25. Rxe7+ Kf6 26. Rf7+ Kg5 27. f4+ Kh6 28. Rh3# 1-0


[Site "https://www.chess.com"]

[Event "Titled Tuesday Blitz February 07 Late 2023"]
[White "Gatterer, Florian"]
[Black "Leiva, Gianmarco"]
[WhiteFideId "811688"]
[BlackFideId "3804399"]
[WhiteElo "2170"]
[BlackElo "2392"]
[Result "0-1"]
[Round "01"]
[TimeControl "180+2"]
[Date "2023.02.07"]
[WhiteClock "0:00:05"]
[BlackClock "0:00:25"]

1. e4 c5 2. Nf3 d6 3. Bb5+ Nd7 4. O-O a6 5. Bd3 Ngf6 6. c3 b5 7. Bc2 Bb7 8. Re1 c4 9. a4 e6 10. axb5 axb5 11. Rxa8 Qxa8 12. Na3 Bxe4 13. Bxe4 Nxe4 14. Nxb5 Qb7 15. Na3 d5 16. d3 cxd3 17. Qxd3 Bc5 18. Be3 Qxb2 19. Bxc5 Ndxc5 20. Qb5+ Qxb5 21. Nxb5 O-O 22. c4 dxc4 23. Na3 c3 24. Nd4 Ra8 25. Nac2 e5 26. Nc6 f6 27. f3 Nd6 28. Re3 Nb5 29. N6b4 Rd8 30. h4 Rd2 31. h5 Ne6 32. h6 gxh6 33. g3 Ned4 34. Nxd4 exd4 35. Re8+ Kf7 36. Rc8 d3 37. g4 c2 38. Nxd3 Rxd3 39. Rxc2 Rxf3 40. Kg2 Rf4 41. Kg3 Re4 42. Rc5 Re5 43. Rc6 Nd4 44. Rb6 Ne6 45. Rb7+ Kg6 46. Re7 Ng5 47. Rd7 Nf7 48. Kh4 Re4 49. Rc7 h5 50. Kh3 Rxg4 51. Rc6 Ng5+ 52. Kh2 Nf3+ 53. Kh3 Ng5+ 54. Kh2 h4 55. Rc7 Rg3 56. Rc8 Nf3+ 0-1


[Site "https://www.chess.com"]

[Event "Titled Tuesday Blitz February 07 Late 2023"]
[White "Gascon Del Nogal, Jose Rafael"]
[Black "Freile Martin, Javier"]
[WhiteFideId "3902463"]
[BlackFideId "3600165"]
[WhiteElo "2459"]
[BlackElo "2329"]
[Result "1-0"]
[Round "01"]
[TimeControl "180+2"]
[Date "2023.02.07"]
[WhiteClock "0:01:11"]
[BlackClock "0:00:26"]

1. e4 c5 2. Nf3 d6 3. Bb5+ Nd7 4. O-O Nf6 5. Re1 e6 6. c3 Be7 7. d4 O-O 8. a4 a6 9. Bf1 cxd4 10. cxd4 d5 11. e5 Ne4 12. Nc3 Nxc3 13. bxc3 Nb6 14. Bd3 Bd7 15. h4 Nc4 16. Ng5 g6 17. Qg4 b5 18. Nxh7 Kxh7 19. h5 f5 20. exf6 Rxf6 21. hxg6+ Kg7 22. Bh6+ Kg8 23. Bg5 Qf8 24. axb5 Qg7 25. Bxf6 Bxf6 26. bxa6 e5 27. Bf5 Bxf5 28. Qxf5 e4 29. Qxd5+ Kh8 30. Qxa8+ 1-0


[Site "https://www.chess.com"]

[Event "Titled Tuesday Blitz February 07 Late 2023"]
[White "Remolar Gallen, Jose"]
[Black "Mgeladze, Tamaz"]
[WhiteFideId "2215187"]
[BlackFideId "13601202"]
[WhiteElo "2285"]
[BlackElo "2388"]
[Result "1-0"]
[Round "01"]
[TimeControl "180+2"]
[Date "2023.02.07"]
[WhiteClock "0:00:52"]
[BlackClock "0:01:15"]

1. e4 c5 2. Nf3 g6 3. d4 cxd4 4. Qxd4 Nf6 5. e5 Nc6 6. Qa4 Nd5 7. Qe4 Ndb4 8. Bb5 a6 9. Ba4 b5 10. Bb3 d5 11. exd6 Bf5 12. Qe2 Qxd6 13. O-O Nd4 14. Nxd4 Qxd4 15. Rd1 Qc5 16. Be3 Qc7 17. Nc3 Bg7 18. a3 Nc6 19. Nd5 Qe5 20. Nb6 Rd8 21. Rxd8+ Nxd8 22. c3 O-O 23. Re1 Ne6 24. Nd5 Re8 25. Qd2 Qb8 26. f3 Qb7 27. g4 Bxg4 28. fxg4 Rd8 29. Qg2 a5 30. Nf6+ 1-0


[Site "https://www.chess.com"]

[Event "Titled Tuesday Blitz February 07 Late 2023"]
[White "Wieczorek, Oskar"]
[Black "Lucassen, Mickey"]
[WhiteFideId "1133950"]
[BlackFideId "12919110"]
[WhiteElo "2512"]
[BlackElo "2023"]
[Result "1-0"]
[Round "01"]
[TimeControl "180+2"]
[Date "2023.02.07"]
[WhiteClock "0:00:39"]
[BlackClock "0:00:03"]

1. e4 d6 2. d4 Nf6 3. f3 c6 4. c4 Nbd7 5. Nc3 e5 6. Nge2 Be7 7. Be3 O-O 8. Qd2 a6 9. a4 Re8 10. g4 Qc7 11. d5 Nc5 12. Rb1 a5 13. Ng3 g6 14. g5 Nfd7 15. h4 Bf8 16. h5 Bg7 17. hxg6 hxg6 18. Qh2 Nb3 19. Be2 Nd4 20. Kf2 Nc2 21. Nd1 cxd5 22. cxd5 Nxe3 23. Nxe3 Qb6 24. Bb5 Rd8 25. Qh7+ Kf8 26. Ke2 Nc5 27. b3 Bd7 28. Bxd7 Rxd7 29. Ngf5 gxf5 30. Nxf5 Qa6+ 31. Kf2 Nd3+ 32. Kg3 f6 33. g6 Rc7 34. Qh8+ Bxh8 35. Rxh8# 1-0


[Site "https://www.chess.com"]

[Event "Titled Tuesday Blitz February 07 Late 2023"]
[White "Rizzo, Tobias"]
[Black "Dourerassou, Jonathan"]
[WhiteFideId "30942691"]
[BlackFideId "628050"]
[WhiteElo "1867"]
[BlackElo "2414"]
[Result "0-1"]
[Round "01"]
[TimeControl "180+2"]
[Date "2023.02.07"]
[WhiteClock "0:00:16"]
[BlackClock "0:01:24"]

1. e4 c5 2. Nc3 Nc6 3. g3 g6 4. Bg2 Bg7 5. d3 d6 6. f4 e5 7. Nf3 Nge7 8. O-O O-O 9. h3 Nd4 10. a4 Be6 11. g4 exf4 12. Bxf4 d5 13. exd5 Nxd5 14. Nxd5 Bxd5 15. c3 Bb3 16. Qd2 Nxf3+ 17. Bxf3 Bd5 18. Be3 Bxf3 19. Rxf3 Qd5 20. Raf1 Rad8 21. Bg5 Rd7 22. Bh6 Re8 23. Bxg7 Kxg7 24. Qf4 Qe5 25. Qc4 Re6 26. Kg2 h5 27. R1f2 hxg4 28. hxg4 b6 29. a5 Ree7 30. a6 Qg5 31. Kg3 Qe5+ 32. Kg2 Qg5 33. Kh3 Re3 34. Kg2 Rxf3 35. Rxf3 Re7 36. d4 Qxg4+ 37. Kf2 Qh4+ 38. Kg2 Qg5+ 39. Kf2 Qd2+ 40. Kg3 Qe1+ 41. Kg2 Re2+ 42. Kh3 Qh1+ 43. Kg4 Qh5+ 44. Kf4 Qh4# 0-1


[Site "https://www.chess.com"]

[Event "Titled Tuesday Blitz February 07 Late 2023"]
[White "Starozhilov, Leonid"]
[Black "Jorajuria Mendoza, Algol"]
[WhiteFideId "14106752"]
[BlackFideId "5128897"]
[WhiteElo "2313"]
[BlackElo "2069"]
[Result "1-0"]
[Round "01"]
[TimeControl "180+2"]
[Date "2023.02.07"]
[WhiteClock "0:00:04"]
[BlackClock "0:00:01"]

1. e4 c5 2. Nf3 e6 3. c4 Nc6 4. d4 cxd4 5. Nxd4 Nf6 6. Nc3 d6 7. Be3 Be7 8. Be2 O-O 9. Rc1 Bd7 10. O-O Nxd4 11. Bxd4 Bc6 12. f3 Rc8 13. b4 b6 14. a3 d5 15. cxd5 exd5 16. e5 Nd7 17. Ba6 Rc7 18. Nb5 Bxb5 19. Bxb5 Nb8 20. Qd3 Bg5 21. Rxc7 Qxc7 22. f4 Be7 23. Be3 Rd8 24. Rc1 Qb7 25. Ba4 Bf8 26. Bd4 Rc8 27. Rd1 a5 28. Bb3 axb4 29. axb4 Bxb4 30. Kh1 Rd8 31. Qb5 Bf8 32. Qxb6 Rd7 33. Qxb7 Rxb7 34. Bxd5 Rd7 35. Bf3 Na6 36. g3 Nb4 37. Bc3 Rxd1+ 38. Bxd1 Nd5 39. Bd4 g6 40. Bb3 Nc7 41. Kg2 h5 42. h3 Be7 43. g4 hxg4 44. hxg4 Kf8 45. Kf3 Ne6 46. Be3 Bc5 47. Bxc5+ Nxc5 48. Bd5 Ke7 49. Ke3 Ke8 50. Kd4 Nd7 51. Bc6 Ke7 52. Bxd7 Kxd7 53. Kd5 Ke7 54. f5 gxf5 55. gxf5 Kd7 56. Kc5 Kc7 57. Kd5 Kd7 58. Ke4 Ke7 59. Kf4 Kf8 60. Kg4 Kg8 61. Kh5 Kh7 62. f6 Kg8 63. Kh6 Kh8 64. e6 fxe6 65. f7 1-0


[Site "https://www.chess.com"]

[Event "Titled Tuesday Blitz February 07 Late 2023"]
[White "EREBUNI91"]
[Black "Slavin, Alexey"]
[BlackFideId "24104388"]
[WhiteElo "2759"]
[BlackElo "2364"]
[Result "1/2-1/2"]
[Round "01"]
[TimeControl "180+2"]
[Date "2023.02.07"]
[WhiteClock "0:00:06"]
[BlackClock "0:00:04"]

1. e4 c6 2. d4 d6 3. Nc3 g6 4. Nf3 Bg7 5. Be3 Nd7 6. Bc4 b5 7. Bb3 Ngf6 8. e5 Ng4 9. e6 fxe6 10. Bxe6 Nxe3 11. fxe3 Nf6 12. Ng5 Qa5 13. Bxc8 Rxc8 14. O-O O-O 15. Ne6 Rf7 16. Qd3 b4 17. Ne4 Bh6 18. Rf3 Qd5 19. Nxf6+ Rxf6 20. Nf4 Qf5 21. e4 Qd7 22. Raf1 Bxf4 23. Rxf4 Rxf4 24. Rxf4 d5 25. e5 Rf8 26. Qf3 Rxf4 27. Qxf4 Qf5 28. Qxf5 gxf5 29. Kf2 Kf7 30. Ke3 e6 31. Kf4 Kg6 32. g4 fxg4 33. Kxg4 h6 34. c3 bxc3 35. bxc3 a6 36. a3 a5 37. a4 Kg7 38. Kh5 Kh7 39. Kh4 Kg6 40. Kg4 Kg7 41. Kh5 Kh7 42. Kh4 Kg6 43. Kg4 1/2-1/2


[Site "https://www.chess.com"]

[Event "Titled Tuesday Blitz February 07 Late 2023"]
[White "Kalajzic, Ivan"]
[Black "Sokolovsky, Yahli"]
[WhiteFideId "14506378"]
[BlackFideId "2820242"]
[WhiteElo "2062"]
[BlackElo "2461"]
[Result "0-1"]
[Round "01"]
[TimeControl "180+2"]
[Date "2023.02.07"]
[WhiteClock "0:00:06"]
[BlackClock "0:00:23"]

1. b3 Nf6 2. Bb2 g6 3. Bxf6 exf6 4. c4 d5 5. cxd5 Qxd5 6. Nc3 Qa5 7. a3 Bg7 8. g3 c6 9. b4 Qc7 10. Rc1 O-O 11. Bg2 Be6 12. Nf3 Qe7 13. O-O f5 14. d4 a5 15. Rb1 axb4 16. axb4 Rd8 17. e3 Nd7 18. Na4 Bd5 19. Nc5 b6 20. Nxd7 Qxd7 21. Qc1 Be4 22. Ra1 Rxa1 23. Qxa1 Qd5 24. Nh4 c5 25. Bxe4 fxe4 26. bxc5 bxc5 27. Qa5 cxd4 28. Qxd5 Rxd5 29. exd4 Rxd4 30. Ng2 Rd2 31. Re1 f5 32. Kf1 Bc3 33. Ne3 Bd4 34. Nd1 Kf7 35. h4 Kf6 36. Ne3 Ke6 37. h5 gxh5 38. Kg2 Kf6 39. Nd5+ Kg5 40. Ne3 h6 41. Kf1 Bc5 42. Kg2 Rd3 43. Nc4 Rc3 44. Ne5 Rc2 45. Rf1 e3 46. Nd3 Bd4 47. Kf3 exf2 48. Nxf2 Rxf2+ 49. Rxf2 Bxf2 50. Kxf2 h4 51. gxh4+ Kxh4 52. Kf3 Kg5 53. Kg3 f4+ 54. Kh3 h5 55. Kg2 Kg4 56. Kh2 f3 57. Kg1 Kg3 58. Kh1 Kf4 59. Kg1 Ke3 60. Kf1 f2 61. Kg2 Ke2 62. Kh3 f1=Q+ 0-1


[Site "https://www.chess.com"]

[Event "Titled Tuesday Blitz February 07 Late 2023"]
[White "Fiorito, Joaquin"]
[Black "Jarocka, Liwia"]
[WhiteFideId "180173"]
[BlackFideId "21807558"]
[WhiteElo "2405"]
[BlackElo "2225"]
[Result "1-0"]
[Round "01"]
[TimeControl "180+2"]
[Date "2023.02.07"]
[WhiteClock "0:01:01"]
[BlackClock "0:00:09"]

1. d4 d6 2. e4 Nf6 3. Nc3 g6 4. Be3 Bg7 5. Qd2 Nbd7 6. Bh6 O-O 7. Bxg7 Kxg7 8. Nf3 c5 9. O-O-O cxd4 10. Nxd4 Qa5 11. h4 h5 12. Be2 Nc5 13. f3 b5 14. Kb1 Rb8 15. Nc6 Qb6 16. Nxb8 Qxb8 17. g4 hxg4 18. h5 gxf3 19. Bxf3 b4 20. hxg6 fxg6 21. Nd5 Ng8 22. Qg2 Be6 23. Rdg1 Qe8 24. Bh5 Bf7 25. Nf4 Qa4 26. b3 Nxb3 27. cxb3 Bxb3 28. axb3 Qxb3+ 29. Qb2+ Qxb2+ 30. Kxb2 Rxf4 31. Bxg6 Rf2+ 32. Kb3 Kf8 33. Rh8 e5 34. Bf5 Rf3+ 35. Kxb4 1-0


[Site "https://www.chess.com"]

[Event "Titled Tuesday Blitz February 07 Late 2023"]
[White "Altun, Arda"]
[Black "Taspinar, Yanki"]
[WhiteFideId "34511580"]
[BlackFideId "34561188"]
[WhiteElo "2218"]
[BlackElo "2262"]
[Result "0-1"]
[Round "01"]
[TimeControl "180+2"]
[Date "2023.02.07"]
[WhiteClock "0:00:11"]
[BlackClock "0:00:26"]

1. e4 e6 2. d3 d5 3. Nd2 Nf6 4. g3 c5 5. Bg2 Nc6 6. Ngf3 Be7 7. O-O O-O 8. Re1 b5 9. e5 Nd7 10. Nf1 a5 11. Bf4 b4 12. h4 a4 13. N1h2 Ba6 14. h5 Re8 15. h6 g6 16. Ng4 c4 17. d4 Rc8 18. Qc1 Qb6 19. c3 a3 20. bxa3 bxc3 21. Qxc3 Qa5 22. Bd2 Qxc3 23. Bxc3 Bxa3 24. Rab1 Rb8 25. Ng5 Nb4 26. Re3 Nd3 27. Rxb8 Rxb8 28. Rf3 Rf8 29. Bf1 Be7 30. Nh3 Rb8 31. Bxd3 cxd3 32. Nf4 Rb1+ 33. Kg2 Rc1 34. Bd2 Rc2 35. Ba5 d2 36. Ne3 Rxa2 37. Bc3 g5 38. Nfxd5 exd5 39. Nxd5 d1=Q 40. Nxe7+ Kf8 41. Nd5 Bf1+ 42. Kh2 Qxf3 43. Bb4+ Ke8 44. Nc7+ Kd8 45. Nb5 Qg2# 0-1


[Site "https://www.chess.com"]

[Event "Titled Tuesday Blitz February 07 Late 2023"]
[White "Tatarinov, Dmitry"]
[Black "Li, Hui"]
[WhiteFideId "24160067"]
[BlackFideId "15400310"]
[WhiteElo "2310"]
[BlackElo "1963"]
[Result "1-0"]
[Round "01"]
[TimeControl "180+2"]
[Date "2023.02.07"]
[WhiteClock "0:01:01"]
[BlackClock "0:00:04"]

1. e4 e5 2. Nf3 Nf6 3. Nxe5 d6 4. Nf3 Nxe4 5. d4 d5 6. Bd3 Be7 7. O-O Nc6 8. Nbd2 Nxd2 9. Bxd2 Bg4 10. c3 O-O 11. h3 Bh5 12. Re1 Qd7 13. Bf4 Bd6 14. Bxd6 Qxd6 15. Re3 Rfe8 16. Qd2 Qd7 17. Rae1 a6 18. Ne5 Nxe5 19. Rxe5 Bg6 20. Bxg6 hxg6 21. Qe3 Rxe5 22. dxe5 Qe6 23. Qc5 c6 24. Re3 Re8 25. a4 Qf5 26. Qb6 Rxe5 27. Qxb7 Rxe3 28. fxe3 Qb1+ 29. Kh2 a5 30. b4 axb4 31. Qxb4 Qe1 32. Qc5 g5 33. a5 g4 34. Qd6 gxh3 35. Kxh3 Qxe3+ 36. Qg3 Qh6+ 37. Kg4 Qg6+ 38. Kf3 Qd3+ 39. Kf2 1-0


[Site "https://www.chess.com"]

[Event "Titled Tuesday Blitz February 07 Late 2023"]
[White "Kostiukov, Alexandr"]
[Black "Darini, Pouria"]
[WhiteFideId "14108100"]
[BlackFideId "12502200"]
[WhiteElo "2271"]
[BlackElo "2401"]
[Result "1/2-1/2"]
[Round "01"]
[TimeControl "180+2"]
[Date "2023.02.07"]
[WhiteClock "0:00:22"]
[BlackClock "0:00:03"]

1. g3 d5 2. Bg2 Nf6 3. d3 c6 4. e4 dxe4 5. dxe4 Qxd1+ 6. Kxd1 e5 7. f3 Be6 8. Be3 Nfd7 9. Nd2 Bc5 10. Ke2 a5 11. a4 Na6 12. c3 O-O-O 13. Bh3 Bxh3 14. Nxh3 f6 15. Nc4 b6 16. Bxc5 Ndxc5 17. Nxb6+ Kc7 18. Nc4 Nb3 19. Rad1 Nac5 20. Rxd8 Rxd8 21. Rd1 Rb8 22. Nf2 Nxa4 23. Nd3 Nb6 24. Nxb6 Rxb6 25. f4 exf4 26. gxf4 a4 27. Rg1 g6 28. f5 gxf5 29. exf5 Kd6 30. Rg7 Rb5 31. Rxh7 Rxf5 32. Rh4 Ra5 33. Rf4 Ke6 34. Kd1 Ra8 35. Kc2 Na1+ 36. Kb1 Nb3 37. Ka2 Rd8 38. Rxa4 Rxd3 39. Kxb3 Rh3 40. Rc4 Kd5 41. Rd4+ Ke5 42. Rd2 f5 43. Kc4 f4 44. Kc5 f3 45. Kxc6 Ke4 46. b4 Ke3 47. Rb2 f2 48. Rb1 Ke2 49. c4 Rd3 50. b5 Rd1 51. Rb2+ Rd2 52. Rb1 Rd1 53. Rb2+ Rd2 54. Rb1 Rd1 1/2-1/2


[Site "https://www.chess.com"]

[Event "Titled Tuesday Blitz February 07 Late 2023"]
[White "UnknownMagician"]
[Black "Gerbelli Neto, Eduardo"]
[BlackFideId "2103281"]
[WhiteElo "2696"]
[BlackElo "2114"]
[Result "1-0"]
[Round "01"]
[TimeControl "180+2"]
[Date "2023.02.07"]
[WhiteClock "0:02:37"]
[BlackClock "0:02:21"]

1. c4 c5 2. Nf3 Nf6 3. e3 d5 4. cxd5 Nxd5 5. a3 Nc6 6. Nc3 e5 7. Qc2 Nxc3 8. bxc3 Be7 9. Bd3 h6 10. Be4 f6 11. Bg6+ Kf8 12. Qb3 1-0


[Site "https://www.chess.com"]

[Event "Titled Tuesday Blitz February 07 Late 2023"]
[White "Hoffmann, Asa"]
[Black "Maksimovic, Bojan"]
[WhiteFideId "2001470"]
[BlackFideId "14408120"]
[WhiteElo "2185"]
[BlackElo "2486"]
[Result "0-1"]
[Round "01"]
[TimeControl "180+2"]
[Date "2023.02.07"]
[WhiteClock "0:00:23"]
[BlackClock "0:00:19"]

1. d4 g6 2. e4 Nf6 3. e5 Nh5 4. Be2 d6 5. Bxh5 gxh5 6. Qxh5 dxe5 7. dxe5 Qd5 8. Nf3 Qe4+ 9. Be3 Qxc2 10. Nbd2 Qg6 11. Qh4 Qg4 12. Qg3 Nc6 13. Rc1 Bg7 14. Nc4 h5 15. O-O h4 16. Qf4 h3 17. g3 Bh6 18. Qxg4 Bxg4 19. Nd4 Nxd4 20. Bxd4 Bxc1 21. Rxc1 O-O-O 22. Bc5 e6 23. Ne3 Bf3 24. Kf1 b6 25. Bb4 Kb7 26. Ke1 Rd3 27. Bc3 Rhd8 28. a3 a5 29. b4 a4 30. b5 R8d5 31. Bb4 Rxb5 32. Nc4 Rbd5 33. Nd2 Rxe5+ 34. Kf1 Bg2+ 35. Kg1 Re2 36. Rd1 c5 0-1


[Site "https://www.chess.com"]

[Event "Titled Tuesday Blitz February 07 Late 2023"]
[White "Papasimakopoulos, Alexandros"]
[Black "Miszler, Levente"]
[WhiteFideId "4244125"]
[BlackFideId "763276"]
[WhiteElo "2401"]
[BlackElo "2271"]
[Result "0-1"]
[Round "01"]
[TimeControl "180+2"]
[Date "2023.02.07"]
[WhiteClock "0:01:17"]
[BlackClock "0:00:46"]

1. d4 Nf6 2. c4 c5 3. d5 e6 4. Nc3 exd5 5. cxd5 g6 6. Nf3 Bg7 7. Bf4 d6 8. Qa4+ Bd7 9. Qb3 Qc7 10. e4 O-O 11. Be2 Nh5 12. Be3 f5 13. Nd2 f4 14. Bxc5 Qxc5 15. Qxb7 f3 16. Bxf3 Nf4 17. O-O Qb6 18. Qxa8 Na6 19. Nc4 Qc7 20. Qxf8+ Kxf8 21. Ne3 Nd3 22. Be2 Nxb2 23. Bxa6 Qxc3 24. Rac1 Qa3 25. Bc8 Bb5 26. Nc2 Qa5 27. Be6 Bxf1 28. Rxf1 Qxa2 29. Ra1 Qb3 30. Ne1 Na4 31. Rc1 Nc5 32. Bg4 Qb2 33. Rd1 a5 34. e5 Bxe5 35. g3 a4 0-1


[Site "https://www.chess.com"]

[Event "Titled Tuesday Blitz February 07 Late 2023"]
[White "Tyagi, Kushan"]
[Black "Bazeev, German"]
[WhiteFideId "2040069"]
[BlackFideId "24119350"]
[WhiteElo "2060"]
[BlackElo "2369"]
[Result "1-0"]
[Round "01"]
[TimeControl "180+2"]
[Date "2023.02.07"]
[WhiteClock "0:00:07"]
[BlackClock "0:00:09"]

1. d4 Nf6 2. c4 e6 3. g3 d5 4. Bg2 Bb4+ 5. Bd2 Be7 6. Nf3 O-O 7. O-O c6 8. Qc2 a5 9. Rd1 h6 10. Bf4 Nbd7 11. Nc3 dxc4 12. e4 Nb6 13. Ne5 Bd7 14. Qe2 Rc8 15. Nxc4 Nxc4 16. Qxc4 b5 17. Qe2 Re8 18. Rac1 Bf8 19. h4 Qb6 20. Rc2 a4 21. a3 c5 22. Be3 c4 23. e5 Nh7 24. Ne4 Bc6 25. Qg4 Qb7 26. Bxh6 g6 27. Bxf8 Rxf8 28. Qf4 Bxe4 29. Bxe4 Qe7 30. Kg2 Rfd8 31. h5 g5 32. Qg4 Kh8 33. Rc3 Rg8 34. Bc2 f5 35. exf6 Nxf6 36. Qf3 Nd5 37. Qe4 Rcf8 38. Rf3 Rxf3 39. Qxf3 Rf8 40. Qe4 Qf7 41. Re1 b4 42. Qe5+ Qf6 43. Qxe6 Qxe6 44. Rxe6 c3 45. bxc3 b3 46. Bd3 Nxc3 47. Re5 Rd8 48. Rxg5 Rxd4 49. Bg6 Rd5 50. Rg4 Nb5 51. Rb4 Nc3 52. Rc4 Nd1 53. Rxa4 Rd2 54. Rf4 b2 55. a4 Ne3+ 56. Kh3 Nc2 57. Bxc2 Rxc2 58. Rb4 Rxf2 59. a5 Rf5 60. Kg4 Rxa5 61. Rxb2 Kh7 62. Kh4 Kh6 63. g4 Ra4 64. Rb6+ Kg7 65. h6+ Kh7 66. Kh5 Ra1 67. Rb7+ Kg8 68. g5 1-0


[Site "https://www.chess.com"]